 Dungeon Crawl Stone Soup version 0.27.1 (webtiles) character file.

Game seed: 9592763126898170191

24 nxtlvl the Poker (level 3, -2/23 HPs)
             Began as a Tengu Abyssal Knight on Aug 29, 2021.
             Was a Follower of Lugonu.
             Slain by a goblin (3 damage)
             ... on level 3 of the Dungeon.
             The game lasted 00:04:30 (393 turns).

nxtlvl the Poker (Tengu Abyssal Knight)              Turns: 393, Time: 00:04:31

Health: -2/23      AC:  4    Str: 12    XL:     3   Next: 2%
Magic:  5/5        EV: 11    Int: 12    God:    Lugonu [*.....]
Gold:   50         SH:  5    Dex: 14    Spells: 2/2 levels left

rFire    . . .     SeeInvis .   a - +1 spear
rCold    . . .     Faith    .   (no shield)
rNeg     . . .     Spirit   .   c - +0 leather armour
rPois    .         Reflect  +   (helmet restricted)
rElec    .         Harm     .   (no cloak)
rCorr    .         Rampage  .   d - +0 pair of gloves
Will     .....                  (boots unavailable)
Stlth    +.........             i - amulet of reflection
HPRegen  0.07/turn              (no ring)
MPRegen  0.09/turn              (no ring)

@: about to teleport
A: beak, talons 3
a: Renounce Religion, Depart the Abyss


You were on level 3 of the Dungeon.
You worshipped Lugonu.
Lugonu was aware of your devotion.
You visited 1 branch of the dungeon, and saw 4 of its levels.
You visited the Abyss 1 time.

You collected 50 gold pieces.

Inventory:

Hand Weapons
 a - a +1 spear (weapon)
Missiles
 b - 28 arrows
 f - 21 sling bullets
Armour
 c - a +0 leather armour (worn)
 d - a +0 pair of gloves (worn)
Jewellery
 i - an amulet of reflection (around neck)
Scrolls
 e - a scroll of enchant weapon
 h - a scroll of identify
 j - a scroll of immolation {unknown}


   Skills:
 - Level 3.0 Fighting
 * Level 3.7 Polearms
 - Level 2.1 Armour
 - Level 1.1 Dodging
 - Level 1.5 Invocations


You had 2 spell levels left.
You didn't know any spells.
Your spell library was empty.

Dungeon Overview and Level Annotations

Branches:
Dungeon (4/15)
 Temple: D:4-7

Altars:
Elyvilon

Annotations:
D:4 Duvessa


Innate Abilities, Weirdness & Mutations

You have a beak for a mouth.
You have claws for feet.


Message History

Your experience leads to an increase in your attributes!
Increase (S)trength, (I)ntelligence, or (D)exterity?
You feel agile.
An orc wizard comes into view. It is wielding a +0 dagger.
Found a coppery potion.
The orc wizard shouts!
You hear an angry hiss.
You hear a shout! x2
An orc comes into view. It is wielding a +0 short sword.
An orc comes into view. It is wielding a +0 mace.
The orc wizard points at you and mumbles some strange words.
The puff of flame hits you!
A goblin comes into view. It is wielding a +0 dagger.
The goblin shouts!
An endoplasm comes into view.
The endoplasm freezes you.
You are frozen.
The orc wizard casts a spell at you. You resist with significant effort.
The goblin barely misses you.
You aren't carrying any potions.
The endoplasm hits you.
* * * LOW HITPOINT WARNING * * *
A kobold comes into view.
It is wielding a +0 dagger and quivering poisoned darts.
As you read the scroll labelled EGOCVAOSOT, it crumbles to dust.
It is a scroll of identify.
e - a scroll of enchant weapon The endoplasm misses you.
As you read the scroll labelled TUQOBU DYUFO, it crumbles to dust.
You feel strangely unstable.
It was a scroll of teleportation.
The goblin hits you but does no damage. The endoplasm freezes you.
You are frozen.
* * * LOW HITPOINT WARNING * * *
The orc wizard mumbles some strange words.
The orc wizard flickers and vanishes!
Deactivating autopickup; reactivate with Ctrl-A.
The endoplasm freezes you.
You are frozen.
* * * LOW HITPOINT WARNING * * *
The goblin hits you with a +0 dagger.
You die...

##..{..#.#.......###.
#........#....... ##
#......wo#....... ##
#....K...##.....## #.
##.....#.#.......# #w
#........#.......# #.
#...o.J.##.......###.
#...g...###.......#..
##..@..## ##......)..
#....## #.......##
#....# #.....###
#....# #.....# ######
#...(.# #.....#
#######


You could see a worm, 2 orcs, an endoplasm, a goblin and a kobold.

Vanquished Creatures
  A dart slug (D:1)
  An endoplasm (D:1)
  3 goblins
  A hobgoblin (D:3)
  3 jackals
  A kobold (D:1)
  A quokka (D:1)
  2 ball pythons
  2 bats (D:1)
  A frilled lizard (D:1)
  6 rats
22 creatures vanquished.

Vanquished Creatures (others)
  A fungus (D:1)
  2 plants (D:1)
3 creatures vanquished.

Grand Total: 25 creatures vanquished

Notes
Turn   | Place    | Note
-------+----------+-------------------------------------------
     0 | Abyss:1  | nxtlvl the Tengu Abyssal Knight began the quest for the
                  | Orb.
     0 | Abyss:1  | Reached XP level 1. HP: 14/14 MP: 3/3
    36 | Abyss:1  | Noticed a flying skull
    37 | D:1      | Escaped the Abyss
   148 | D:1      | Reached XP level 2. HP: 19/19 MP: 4/4
   158 | D:1      | Found a faded altar of an unknown god.
   166 | D:1      | Reached * piety under Lugonu
   205 | D:2      | Found a white marble altar of Elyvilon.
   360 | D:4      | Noticed Duvessa
   373 | D:3      | Reached XP level 3. HP: 23/23 MP: 5/5
   391 | D:3      | HP: 1/23 [frozen (4)]
   393 | D:3      | Slain by a goblin

Illustrated notes

Levels and vault maps discovered:
D:1:      psy_arrival_radial02, layout_loops_ring,
          dreamdust_ecumenical_altar_grove, kennysheep_crisscross
D:2:      layout_loops_corners, basic_altar, kennysheep_decorative_pillar
D:3:      layout_rooms, mainiacjoe_overflow_alcove_1, lemuel_tele_altar,
          kennysheep_pointless_box
D:4:      layout_gridville, nzn_wu_jian_council_hall, uniq_duvessa

Skill      XL: |  1 |
---------------+----+-----
Polearms       | 3 |  3.7
Fighting       | |  3.0
Armour         | |  2.1
Dodging        | |  1.1
Invocations    | |  1.5

Action                   || total
-------------------------++-------
Melee: Spear             ||    49
       Peck              ||     1
       Kick              ||     3
Invok: Depart the Abyss  ||     1
  Use: Scroll            ||     2
Armor: Leather armour    ||     6
Dodge: Dodged            ||    22
Block: Other             ||     1
